 Dungeon Crawl Stone Soup version 0.30-a0-223-gcb0039aa0c (webtiles) character file.

Game seed: 18360195937771896006

84 Crownlay the Magician (level 4, -1/24 HPs)
             Began as a Deep Elf Venom Mage on Oct 9, 2022.
             Killed by nerve-wracking pain
             ... invoked by an orc priest
              (10 damage)
             ... on level 2 of the Dungeon.
             The game lasted 00:05:25 (1189 turns).

Crownlay the Magician (Deep Elf Venom Mage)         Turns: 1189, Time: 00:05:25

Health: -1/24      AC:  2    Str:  5    XL:     4   Next: 23%
Magic:  1/12       EV: 12    Int: 22    God:
Gold:   68         SH:  0    Dex: 15    Spells: 9/12 levels left

rFire   . . .      SeeInvis .    c - +0 dagger
rCold   . . .      Faith    .    (no shield)
rNeg    . . .      Spirit   .    a - +0 robe
rPois   .          Reflect  .    (no helmet)
rElec   .          Harm     .    (no cloak)
rCorr   .          Rampage  .    (no gloves)
Will    .....                    (no boots)
Stlth   ++........               (no amulet)
HPRegen 0.24/turn                (no ring)
MPRegen 0.13/turn                (no ring)

@: no status effects
A: no striking features
a: no special abilities


You were on level 2 of the Dungeon.
You visited 1 branch of the dungeon, and saw 2 of its levels.

You collected 68 gold pieces.

Inventory:

Hand Weapons
 c - a +0 dagger (weapon)
Armour
 a - a +0 robe (worn)
Jewellery
 j - a ring of ice
Scrolls
 g - a scroll of fear {unknown}
 h - a scroll of enchant armour {unknown}
 i - 2 scrolls of identify {unknown}
 k - a scroll of teleportation {unknown}
Potions
 b - a potion of magic
 d - a potion of curing {unknown}
 e - 2 potions of degeneration {unknown}
 f - a potion of berserk rage {unknown}
 l - a potion of cancellation {unknown}
 m - a potion of flight {unknown}


   Skills:
 + Level 0.8 Fighting
 - Level 2.4 Dodging
 - Level 2.4 Stealth
 * Level 4.6 Spellcasting
 - Level 1.1 Transmutations
 * Level 4.4 Poison Magic


You had 9 spell levels left.
You knew the following spells:

 Your Spells              Type           Power      Damage    Failure   Level
a - Sting                 Tmut/Pois      68%        1d6       3%          1
b - Poisonous Vapours     Pois/Air       28%        N/A       6%          2

Your spell library contained the following spells:

 Spells                   Type           Power      Damage    Failure   Level
 Mephitic Cloud           Conj/Pois/Air  11%        N/A       17%         3
 Olgreb's Toxic Radiance  Pois           24%        N/A       17%         4


Dungeon Overview and Level Annotations

Branches:
Dungeon (2/15)

Altars:


Message History

Press: ? - help, Dir - move target, f - orc, p - adder
Aim: an orc, wielding a +0 mace Poisonous vapours surround the orc!
The orc is poisoned.
Casting: Poisonous Vapours (safe; 7% risk of failure)
Confirm with . or Enter, or press ? or * to list all spells.
Aiming: Sting (safe; 3% risk of failure)
Press: ? - help, Shift-Dir - straight line, f - adder
Aim: an adder (moderately wounded, poisoned, 57% to hit)
The sting hits the adder.
The adder looks even sicker.
The adder is severely wounded.
You kill the adder!
Casting: Sting (safe; 3% risk of failure)
Confirm with . or Enter, or press ? or * to list all spells.
Aiming: Sting (safe; 3% risk of failure)
Press: ? - help, Shift-Dir - straight line, f - orc
Aim: an orc, wielding a +0 mace (heavily wounded, poisoned, 74% to hit)
The sting hits the orc.
The orc looks even sicker.
You kill the orc!
The orc priest mumbles some strange prayers to Beogh against you.
Beogh smites you!
Ouch! That really hurt!
Casting: Sting (safe; 3% risk of failure)
Confirm with . or Enter, or press ? or * to list all spells.
Aiming: Poisonous Vapours (safe; 6% risk of failure)
Press: ? - help, Dir - move target, f - orc priest
Aim: an orc priest, wielding a +0 flail Poisonous vapours surround the orc priest!
The orc priest is poisoned.
The orc priest invokes the aid of Beogh against you.
Pain shoots through your body!
Casting: Poisonous Vapours (safe; 6% risk of failure)
Confirm with . or Enter, or press ? or * to list all spells.
Aiming: Poisonous Vapours (safe; 6% risk of failure)
Press: ? - help, Dir - move target, f/p - orc priest
Aim: an orc priest, wielding a +0 flail (poisoned) Poisonous vapours surround the orc priest!
The orc priest looks even sicker.
The orc priest calls down the wrath of Beogh upon you.
Pain shoots through your body!
You die...

##.#.##o# ####.....?o#
+.......# ####...o####
#.........#
#.####)##.#
#.###...#.#
#.##..#...# #.#
#.##@###..# #.#
#.##..#...#
#####.######.###...#.#
.[..............###.#
#.....####.........#
#..(..#........#####
.###.#.#.#.#.###.##
........)....# #.#
####.#.#.........#


You could see an orc priest (very poisoned).

Vanquished Creatures
  An adder (D:2)
  4 gnolls (D:2)
  2 dart slugs
  An orc (D:2)
  3 ball pythons
  2 endoplasms (D:1)
  5 goblins
  4 hobgoblins
  2 jackals (D:2)
  A quokka (D:1)
  2 frilled lizards (D:1)
  A kobold (D:1)
  2 rats
30 creatures vanquished.

Notes
Turn   | Place    | Note
-------+----------+-------------------------------------------
     0 | D:1      | Crownlay the Deep Elf Venom Mage began the quest for the
                  | Orb.
     0 | D:1      | Reached XP level 1. HP: 10/10 MP: 6/6
    87 | D:1      | Reached XP level 2. HP: 12/15 MP: 0/8
    94 | D:1      | Learned a level 2 spell: Poisonous Vapours
   495 | D:1      | Found a faded altar of an unknown god.
   844 | D:2      | Reached XP level 3. HP: 19/19 MP: 4/10
  1111 | D:2      | Reached XP level 4. HP: 22/24 MP: 6/12
  1189 | D:2      | Killed from afar by an orc priest

Illustrated notes

Levels and vault maps discovered:
D:1:      eino_arrival_water_star, layout_rooms,
          dreamdust_ecumenical_altar_statues
D:2:      layout_loops_corners, basic_altar

Skill      XL: |  1  2 |
---------------+-------+-----
Spellcasting   | 4 |  4.6
Poison Magic   | 4 |  4.4
Fighting       | |  0.8
Dodging        | |  2.4
Stealth        | |  2.4
Transmutations | |  1.1

Action                   |  1- 3 |  4- 6 || total
-------------------------+-------+-------++-------
Melee: Dagger            |    19 |       ||    19
 Cast: Sting             |    41 |     2 ||    43
       Poisonous Vapours |     8 |     5 ||    13
 Stab: Sleeping          |     1 |       ||     1
Armor: Robe              |     2 |       ||     2
Dodge: Dodged            |    19 |       ||    19

Table legend: (Time is in decaauts)
 A = Elapsed time spent in this place.
 B = Non-inter-level travel time spent in this place.
 C = Inter-level travel time spent in this place.
 D = Time resting spent in this place.
 E = Time spent auto-exploring this place.
 F = Levels seen in this place.
 G = Mean time per level.
                   A        B        C        D        E       F      G
               +--------+--------+--------+--------+--------+-----+--------+
         Total |   1193 |   1176 |     17 |     38 |    917 |   2 |  596.5 |
       Dungeon |   1193 |   1176 |     17 |     38 |    917 |   2 |  596.5 |
               +--------+--------+--------+--------+--------+-----+--------+

Top non-repeatable levels by time:
     D:2: 628 daAuts
     D:1: 564 daAuts
